AoeStats
← DontFuckleWithShuckle

MegaRandom

510138352Analyzed
3v3 RM · 2d ago on Sep 29, 2026· 50m 32s· 6 players
Game mode
Random Map
Map size
Normal (6 player)
Population
200
Speed
Normal
Resources
Standard
Victory
Conquest
Starting age
Dark Age
Ending age
Imperial Age
RankedLock teamsTeams togetherTeam positionsShared explorationLock speedFull tech treeHidden civsTurbo modeCheats
Victory
Defeat
🇱🇺 Wu · Luxembourg
1076
+13
🇱🇺 Burgundians · Luxembourg
1014
+16
🇦🇹 Japanese · Austria
992
+19
🇳🇴 Saracens · Norway
1099
-19
🇳🇴 Poles · Norway
980
-14
🇳🇴 Gurjaras · Norway
945
-13
SpecialAgentDaleCooper
10:11 Feudal Age
9:41 Loom
11:27 Loom
14:27 Castle Age
13:00 Double-Bit Axe
16:44 Scale Barding Armor
16:50 Forging
16:42 Town Watch
22:22 Chain Barding Armor
25:43 Husbandry
26:17 Bloodlines
26:47 Pikeman
41:12 Fletching
41:24 Padded Archer Armor
42:18 Bodkin Arrow
42:55 Bow Saw
43:40 Elite Skirmisher
47:24 Ballistics
47:26 Thumb Ring
49:18 Wheelbarrow
DontFuckleWithShuckle
5:47 Loom
10:46 Feudal Age
16:11 Castle Age
15:00 Double-Bit Axe
16:36 Gold Mining
16:30 Horse Collar
27:19 Bow Saw
29:05 Scale Barding Armor
29:11 Forging
30:07 Chain Barding Armor
30:24 Husbandry
30:36 Bloodlines
31:55 Heavy Plow
33:57 Iron Casting
39:08 Imperial Age
36:22 Elite Skirmisher
37:06 Fletching
39:23 Thumb Ring
39:19 Bodkin Arrow
40:35 Bracer
40:44 Elite Chakram Thrower
42:51 Bracer
43:18 Conscription
45:56 Wheelbarrow
46:29 Padded Archer Armor
48:19 Kshatriyas
49:04 Ballistics
49:44 Chemistry
49:06 Heavy Camel Rider
juleskum
5:39 Loom
10:59 Feudal Age
16:44 Castle Age
20:08 Double-Bit Axe
20:06 Horse Collar
30:38 Forging
30:29 Scale Mail Armor
32:00 Iron Casting
32:59 Chain Mail Armor
39:22 Wheelbarrow
38:33 Town Watch
38:58 Arson
39:15 Squires
39:01 Arson
39:40 Husbandry
39:51 Bloodlines
41:09 Light Cavalry
43:36 Scale Barding Armor
46:53 Imperial Age
47:30 Chain Barding Armor
47:19 Winged Hussar
49:31 Blast Furnace
49:57 Conscription
Roland Papier
7:14 Loom
10:06 Feudal Age
10:32 Double-Bit Axe
11:24 Man-at-Arms
12:52 Arson
20:06 Castle Age
19:37 Scale Mail Armor
19:48 Forging
20:39 Long Swordsman
21:12 Pikeman
21:54 Squires
22:45 Gold Mining
25:49 Horse Collar
30:34 Long Swordsman
32:53 Stone Mining
36:22 Imperial Age
34:05 Elite Skirmisher
37:11 Wheelbarrow
38:14 Fletching
40:11 Bodkin Arrow
40:17 Padded Archer Armor
40:06 Halberdier
42:04 Conscription
43:29 Bracer
45:08 Elite Fire Archer
46:10 Red Cliffs Tactics
48:09 Leather Archer Armor
Jeki
7:06 Loom
10:10 Feudal Age
10:31 Man-at-Arms
11:36 Double-Bit Axe
14:31 Arson
22:00 Castle Age
22:06 Fletching
22:17 Padded Archer Armor
24:01 Bodkin Arrow
24:22 Leather Archer Armor
26:39 Bloodlines
26:32 Husbandry
29:17 Ballistics
30:56 Thumb Ring
36:46 Town Watch
37:37 Wheelbarrow
41:57 Hand Cart
41:43 Town Patrol
44:35 Imperial Age
44:47 Heavy Cavalry Archer
45:52 Parthian Tactics
47:29 Chemistry
46:40 Masonry
47:15 Bracer
47:45 Ring Archer Armor
47:26 Forging
47:17 Scale Mail Armor
48:46 Kataparuto
51:15 Iron Casting
50:55 Chain Mail Armor
frankyletzebuerg
10:59 Feudal Age
9:36 Double-Bit Axe
10:15 Horse Collar
13:12 Loom
17:00 Castle Age
19:36 Gold Mining
20:59 Scale Barding Armor
21:04 Cavalier
24:53 Forging
34:11 Chain Barding Armor
35:06 Husbandry
40:41 Imperial Age
38:50 Wheelbarrow
40:55 Iron Casting
42:34 Plate Barding Armor
42:52 Conscription
42:59 Bow Saw
42:52 Heavy Plow
43:53 Paladin
45:11 Hand Cart
47:12 Blast Furnace
47:15 Scale Mail Armor
47:18 Squires
47:04 Arson
48:30 Gold Shaft Mining
47:45 Stone Mining
Connection lost

Rejoining the realm…

Still unreachable

The connection could not be restored.

Session expired

The server has moved on; the page needs a fresh start.